 Dungeon Crawl Stone Soup version 0.29.1-1-gd02db6906a (webtiles) character file.

Game seed: 2350340539554894543

640 raistware the Conjurer (level 7, -8/41 HPs)
             Began as an Octopode Conjurer on Sept 30, 2022.
             Mangled by a killer bee (9 damage)
             ... on level 8 of the Dungeon.
             The game lasted 00:10:45 (4854 turns).

raistware the Conjurer (Octopode Conjurer)          Turns: 4854, Time: 00:10:45

Health: -8/41      AC:  1    Str:  6    XL:     7   Next: 51%
Magic:  5/13       EV: 13    Int: 22    God:
Gold:   62         SH:  5    Dex: 11    Spells: 7/14 levels left

rFire   . . .      SeeInvis +   t - +1 dagger (freeze)
rCold   . . .      Faith    .   x - orb {light}
rNeg    . . .      Spirit   .   (helmet restricted)
rPois   .          Reflect  +   j - amulet of reflection
rElec   .          Harm     .   k - ring of see invisible
rCorr   .          Rampage  .   o - ring of flight
Will    .....                   (no ring)
Stlth   ++........              (no ring)
HPRegen 0.13/turn               (no ring)
MPRegen 0.13/turn               (no ring)
                                (no ring)
                                (no ring)

@: lethally poisoned (-8 -> -23), flying, very slightly contaminated, glowing
A: almost no armour, amphibious, 8 rings, camouflage 1, gelatinous body 1,
(nimble swimmer 1), tentacles
a: no special abilities


You were on level 8 of the Dungeon.
You visited 1 branch of the dungeon, and saw 6 of its levels.

You collected 224 gold pieces.
You spent 162 gold pieces at shops.

Inventory:

Hand Weapons
 t - a +1 dagger of freezing (weapon)
Armour
 x - an orb of light (worn)
Jewellery
 i - an amulet of regeneration
 j - an amulet of reflection (around mantle)
 k - a ring of see invisible (left tentacle)
 o - a ring of flight (right tentacle)
Wands
 u - a wand of mindburst (8)
Scrolls
 c - 4 scrolls of teleportation
 d - a scroll of amnesia {unknown}
 e - a scroll of enchant armour {unknown}
 m - a scroll of torment {unknown}
 n - 2 scrolls of enchant weapon {unknown}
 p - a scroll of noise
 r - a scroll of fog {unknown}
 s - a scroll of poison {unknown}
 v - 2 scrolls of blinking
Potions
 a - a potion of magic
 b - 4 potions of curing
 f - a potion of brilliance {unknown}
 g - a potion of might
 h - 2 potions of resistance
 l - 3 potions of ambrosia
 q - a potion of lignification {unknown}
 w - a potion of attraction {unknown}


   Skills:
 - Level 2.0 Dodging
 - Level 3.0 Stealth
 - Level 4.0 Spellcasting
 + Level 7.6 Conjurations
 - Level 2.0 Translocations


You had 7 spell levels left.
You knew the following spells:

 Your Spells              Type           Power      Damage    Failure   Level
a - Magic Dart            Conj           100%       1d8       1%          1
b - Iskenderun's Mystic   Conj/Tloc      25%        2d7       16%         4
c - Blink                 Tloc           26%        N/A       8%          2

Your spell library contained the following spells:

 Spells                   Type           Power      Damage    Failure   Level
 Searing Ray              Conj           76%        2d7       1%          2
 Dazzling Flash           Conj/Hex       42%        N/A       7%          3
 Fulminant Prism          Conj/Hex       10%        3d9       24%         4
 Manifold Assault         Tloc           13%        N/A       80%         5
 Storm Form               Tmut/Air       2%         N/A       100%        7


Dungeon Overview and Level Annotations

Branches:
Dungeon (5/15)
 Temple: D:4-7

Altars:
Gozag
Trog
Zin

Shops:
D:3 ?*[   D:4 ?

Annotations:
D:8 4 runed translucent doors


Innate Abilities, Weirdness & Mutations

You cannot wear most types of armour.
You are amphibious.
You can wear up to eight rings at the same time.
Your skin changes colour to match your surroundings (Stealth+).
Your rubbery body absorbs attacks. (AC +1, EV +1)
((You are camouflaged when in or above water. (Stealth+)))
You have tentacles for arms and can constrict up to eight enemies at once.


Message History

The killer bee closely misses you. x2
An orc warrior comes into view. It is wielding a +0 long sword.
Unknown command.
Casting: Iskenderun's Mystic Blast (quite dangerous; 16% risk of failure)
Confirm with . or Enter, or press ? or * to list all spells.
The spell is quite dangerous to miscast (16% risk of failure)!
Continue anyway?
You erupt in a blast of force!
The mystic blast hits the killer bee.
The killer bee is moderately wounded.
The killer bee is knocked back by the mystic blast.
The mystic blast hits the killer bee.
The killer bee is moderately wounded.
The killer bee is knocked back by the mystic blast.
The killer bee collides with the orc!
The orc is moderately wounded.
The killer bee is heavily wounded.
The mystic blast hits the killer bee!
The killer bee is heavily wounded.
The killer bee is knocked back by the mystic blast.
The killer bee slams into the rock wall!
The killer bee is heavily wounded.
The mystic blast hits the killer bee!
The killer bee is heavily wounded.
The killer bee is knocked back by the mystic blast.
The mystic blast hits the killer bee!
The killer bee is severely wounded.
The killer bee is knocked back by the mystic blast.
The killer bee collides with the killer bee!
The killer bee is severely wounded.
The mystic blast hits the killer bee.
The killer bee is heavily wounded.
The killer bee is knocked back by the mystic blast.
The killer bee slams into the rock wall!
The killer bee is severely wounded.
The orc warrior shouts!
* * * LOW HITPOINT WARNING * * *
You feel sick. The killer bee stings you.
* * * LOW HITPOINT WARNING * * *
You are more poisoned.
The killer bee poisons you! The killer bee stings you!
You die...

#. #. #. #.#..
#. #.#.# #.
#.#.# ######.
#.#.#
...y..y####.#.#
....y..@..#.#.#
......y##)#.#.#
......y#......#
....oy.#.....##
..o..###.....#
o.... #.....#
.o.. #.....#
..?. ###....#
.# #.....## .#


You could see an orc warrior, 6 killer bees and 3 orcs.

Vanquished Creatures
  Sigmund (D:4)
  An ogre (D:4)
  A scorpion (D:4)
  A jelly (D:5)
  A gnoll bouda (D:4)
  2 orc wizards
  Robin (D:3)
  8 gnolls
  4 adders
  4 worms
  5 dart slugs
  6 orcs
  5 bats
  8 endoplasms
  3 giant cockroaches
  10 goblins
  9 hobgoblins
  3 jackals (D:1)
  5 quokkas
  6 ball pythons
  4 frilled lizards
  A kobold (D:3)
  7 rats
96 creatures vanquished.

Vanquished Creatures (others)
  4 fungi (D:1)
  4 plants (D:1)
8 creatures vanquished.

Grand Total: 104 creatures vanquished

Notes
Turn   | Place    | Note
-------+----------+-------------------------------------------
     0 | D:1      | raistware the Octopode Conjurer began the quest for the
                  | Orb.
     0 | D:1      | Reached XP level 1. HP: 11/11 MP: 3/3
   286 | D:1      | Reached XP level 2. HP: 17/17 MP: 3/5
   696 | D:1      | Found a faded altar of an unknown god.
  1270 | D:2      | Reached XP level 3. HP: 21/21 MP: 2/7
  1786 | D:2      | Reached XP level 4. HP: 27/27 MP: 3/10
  1800 | D:2      | Learned a level 4 spell: Iskenderun's Mystic Blast
  2133 | D:2      | Learned a level 2 spell: Blink
  2546 | D:3      | Found Lefae's Magic Scroll Boutique.
  2575 | D:3      | Bought a scroll of noise for 12 gold pieces
  2575 | D:3      | Bought a scroll of identify for 24 gold pieces
  2708 | D:3      | Reached skill level 1 in Translocations
  2726 | D:3      | Identified the +1 leather armour "Iripeel" {rC+ Slay+3}
  2787 | D:3      | Found a bloodstained altar of Trog.
  2875 | D:3      | Reached XP level 5. HP: 31/31 MP: 6/11
  2942 | D:3      | Found Heobliac's Antique Armour Boutique.
  3133 | D:3      | Noticed Robin
  3142 | D:3      | Killed Robin
  3367 | D:3      | Found a faded altar of an unknown god.
  3373 | D:3      | Found an opulent altar of Gozag.
  3462 | D:3      | Found Iluliy's General Store.
  3650 | D:4      | Found Zota's Magic Scroll Boutique.
  3681 | D:4      | Bought a scroll of blinking for 90 gold pieces
  3681 | D:4      | Bought a scroll of teleportation for 36 gold pieces
  3864 | D:4      | Noticed Sigmund
  3993 | D:4      | Found a glowing silver altar of Zin.
  4082 | D:4      | Noticed an ogre
  4087 | D:4      | Killed an ogre
  4088 | D:4      | Reached skill level 5 in Conjurations
  4088 | D:4      | Reached XP level 6. HP: 36/36 MP: 12/12
  4153 | D:4      | Killed Sigmund
  4154 | D:4      | Reached skill level 6 in Conjurations
  4164 | D:5      | Entered Level 5 of the Dungeon
  4173 | D:5      | Reached XP level 7. HP: 35/41 MP: 7/13
  4280 | D:4      | Reached skill level 7 in Conjurations
  4805 | D:5      | You are sucked into a shaft and drop 3 floors!
  4805 | D:8      | Found a large runed translucent door.
  4805 | D:8      | Found a large runed translucent door.
  4808 | D:8      | Noticed a manticore
  4808 | D:8      | Noticed a vampire mosquito
  4815 | D:8      | Found a large runed translucent door.
  4815 | D:8      | Found a large runed translucent door.
  4854 | D:8      | HP: 1/41 [killer bee (2)]
  4854 | D:8      | Mangled by a killer bee

Illustrated notes

Levels and vault maps discovered:
D:1:      mrwooster_arrival_statue, layout_loops_ring,
          shapermc_ecumenical_altar_mp_ritualfount
D:2:      layout_basic, hangedman_decor_clover_reticule, skrybe_limestone_x,
          chequers_serial_rivers_micro_b
D:3:      layout_loops_cross, trog_three_pillars_becter,
          nicolae_overflow_ecumenical_swirl, serial_shops, nicolae_shop_crystal,
          shop_fountains, nicolae_diamond_shop, uniq_robin
D:4:      layout_basic, zin_statuary, serial_shops, nicolae_shop_stone,
          minmay_misc_feat_ornament, kennysheep_generic_room_5, uniq_sigmund
D:5:      layout_rooms, cheibriados_altar_1, st_stairs_13, uniq_ijyb
D:8:      layout_basic, mainiacjoe_overflow_concentric_impassable,
          mainiacjoe_overflow_cross_hatched, mainiacjoe_overflow_paths,
          enter_bailey_6, minmay_hollow_rounded_squares

Skill      XL: |  1  2  3  4  5  6  7 |
---------------+----------------------+-----
Spellcasting   | 3 4 |  4.0
Stealth        | 3 |  3.0
Translocations | 1 2 |  2.0
Conjurations   | 5 6 7 |  7.6
Dodging        | |  2.0

Action                   |  1- 3 |  4- 6 |  7- 9 || total
-------------------------+-------+-------+-------++-------
Melee: Unarmed           |     6 |     8 |       ||    14
       Constrict         |     3 |     5 |     9 ||    17
       Tentacles         |     1 |     2 |    11 ||    14
       Punch             |       |     1 |       ||     1
       Dagger            |       |    14 |    27 ||    41
 Cast: Magic Dart        |    64 |   102 |    24 ||   190
       Iskenderun's Myst |       |       |     2 ||     2
Evoke: Wand              |       |     9 |       ||     9
  Use: Scroll            |       |     4 |       ||     4
 Stab: Sleeping          |       |     1 |       ||     1
Armor: Skin              |       |     1 |       ||     1
Dodge: Dodged            |     9 |    17 |    28 ||    54
